 Dungeon Crawl Stone Soup version 0.30-a0-1164-ge08a67761e (webtiles) character file.

Game seed: 5473493186189548713

106 ShnitzelX3 the Ducker (level 4, -1/32 HPs)
             Began as a Merfolk Air Elementalist on Apr 28, 2023.
             Slain by a hound (3 damage)
             ... on level 3 of the Dungeon on Apr 29, 2023.
             The game lasted 00:12:02 (4148 turns).

ShnitzelX3 the Ducker (Merfolk Air Elementalist)    Turns: 4148, Time: 00:12:03

Health: -1/32      AC:  2    Str:  8    XL:     4   Next: 84%
Magic:  6/8        EV: 13    Int: 22    God:
Gold:   167        SH:  0    Dex: 14    Spells: 3/9 levels left

rFire   . . .        a - +0 dagger
rCold   . . .        (no shield)
rNeg    + . .        s - +0 robe {rN+}
rPois   .            (no helmet)
rElec   .            (no cloak)
rCorr   .            (no gloves)
SInv    .            (no boots)
Will    +....        (no amulet)
Stlth   ++           n - ring of willpower
HPRegen 0.25/turn    t - +6 ring of intelligence
MPRegen 0.11/turn

%: no passive effects
@: about to teleport
A: (nimble swimmer 2), mertail
a: no special abilities


You were on level 3 of the Dungeon.
You visited 1 branch of the dungeon, and saw 4 of its levels.

You collected 167 gold pieces.

Inventory:

Hand Weapons
 a - a +0 dagger (weapon)
 b - a +0 sling
Missiles
 f - 4 poisoned darts (quivered)
Armour
 d - a +0 cloak
 s - a +0 robe of positive energy (worn)
Jewellery
 n - a ring of willpower (left hand)
 t - a +6 ring of intelligence (right hand)
Scrolls
 c - a scroll of blinking {unknown}
 g - a scroll of identify {unknown}
 i - a scroll of noise {unknown}
 j - a scroll of amnesia {unknown}
 l - a scroll of fear {unknown}
 m - a scroll of poison {unknown}
 p - a scroll of butterflies {unknown}
Potions
 e - a potion of berserk rage {unknown}
 h - 4 potions of brilliance
 o - a potion of experience {unknown}
 q - 2 potions of magic
 r - a potion of mutation {unknown}


   Skills:
 + Level 1.3 Fighting
 + Level 1.8 Polearms
 + Level 3.5 Dodging
 + Level 2.9 Stealth
 * Level 3.0 Spellcasting
 - Level 0.7 Conjurations
 + Level 2.7 Air Magic


You had 3 spell levels left.
You knew the following spells:

 Your Spells              Type           Power      Damage    Failure   Level
a - Shock                 Conj/Air       44%        1d5       6%          1
b - Static Discharge      Conj/Air       22%        2-3/arc   9%          2
c - Swiftness             Air            15%        N/A       12%         3

Your spell library contained the following spells:

 Spells                   Type           Power      Damage    Failure   Level
 Airstrike                Air            7%         2d(2-18)  36%         4


Dungeon Overview and Level Annotations

Branches:
Dungeon (4/15)
 Temple: D:4-7

Altars:
Trog

Annotations:
D:4 Robin


Innate Abilities, Weirdness & Mutations

((You are very nimble when in or above water. (Stealth+, EV+, Speed+++)))
Your lower body shifts to a powerful aquatic tail in water.


Message History

You start resting.
HP restored.
You start resting.
Magic restored.
Casting: Static Discharge (safe; 9% risk of failure)
Confirm with . or Enter, or press ? or * to list all spells.
Okay, then.
Unknown command.
Okay, then.
Unknown command.
You climb downwards.
You hear the sound of rushing water.
There is an entrance to a sewer on this level.
Hurry and find it before the portal rusts away!
The walls and floor vibrate strangely for a moment.
Level annotation: Robin The hound bites you.
The iguana barely misses you. The hobgoblin closely misses you.
The goblin barely misses you. The hound bites you.
There is a stone staircase leading up here.
The hound bites you. The hobgoblin barely misses you. The iguana misses you.
The goblin hits you but does no damage.
You climb upwards.
There is a stone staircase leading down here.
Unknown command.
Casting: Static Discharge (safe; 9% risk of failure)
Confirm with . or Enter, or press ? or * to list all spells.
The hobgoblin is struck by an arc of lightning.
The hobgoblin is severely wounded.
The iguana is struck by an arc of lightning.
The iguana is lightly wounded.
The lightning grounds out.
The hound barely misses you. The hobgoblin misses you.
The goblin closely misses you. The iguana bites you!
The hound barely misses you.
Unknown command.
As you read the scroll of teleportation, it crumbles to dust.
You feel strangely unstable. The goblin closely misses you.
The hobgoblin closely misses you. The iguana bites you!
* * * LOW HITPOINT WARNING * * *
The hound bites you.
You die...

#################
#...............#
#.#####.#.#####.# #.# #.#.#
##.######## #.#
#.#.####.<.......# #.#
#.#.##hg.######### #
#.#####.#.##@l.........# ###
#.#........†.g...####### ##..
#.#.###.#..#.#....# #...
#.#.#...#...##)#..# ##...
#.#.#.###..##.....# #...#
#.#.#.....[##...).# #...#
#.#.######...#.#..# #...#
#.#)(.............# ##..##
###.##########.#..########...#


You could see an iguana, a hound, a hobgoblin and a goblin.

Vanquished Creatures
  2 adders (D:2)
  An ufetubus (D:3)
  A dart slug (D:3)
  3 orcs (D:3)
  3 endoplasms
  A giant cockroach (D:1)
  11 goblins
  5 hobgoblins
  14 jackals
  3 kobolds
  4 quokkas
  8 bats
  13 frilled lizards
  A rat (D:1)
70 creatures vanquished.

Notes
Turn   | Place    | Note
-------+----------+-------------------------------------------
     0 | D:1      | ShnitzelX3 the Merfolk Air Elementalist began the quest for
                  | the Orb.
     0 | D:1      | Reached XP level 1. HP: 13/13 MP: 3/3
     0 | D:1      | Upgraded the game from 0.30-a0-1163-gf69bf04e7a to
                  | 0.30-a0-1164-ge08a67761e
   530 | D:1      | Reached XP level 2. HP: 19/19 MP: 1/5
   595 | D:1      | Learned a level 2 spell: Static Discharge
   737 | D:1      | Found a faded altar of an unknown god.
   871 | D:1      | Reached skill level 1 in Polearms
  1023 | D:1      | Reached XP level 3. HP: 25/25 MP: 3/6
  1436 | D:2      | You fall into a shaft and drop 1 floor!
  1464 | D:3      | Learned a level 3 spell: Swiftness
  1531 | D:3      | Found a bloodstained altar of Trog.
  2100 | D:3      | Reached skill level 1 in Fighting
  2886 | D:2      | Reached XP level 4. HP: 19/32 MP: 0/8
  3832 | D:4      | Identified the +1 helmet of the Locust {rElec}
  3832 | D:4      | Noticed Robin
  4148 | D:3      | Slain by a hound

Illustrated notes

Levels and vault maps discovered:
D:1:      nzn_arrival_depleted_hourglass, layout_loops_corners,
          ebering_ecumenical_altar_rust
D:2:      layout_basic, minmay_lizard_pond
D:3:      layout_basic, mainiacjoe_overflow_24_doors, serial_curves,
          eino_curves_02, eino_curves_04, eino_curves_02,
          minmay_misc_feat_square, chequers_serial_rivers_micro_d
D:4:      layout_rooms, mainiacjoe_overflow_paths, cheibrodos_sewer_entry_bend,
          minmay_hedge_maze, uniq_robin

Skill      XL: |  1  2  3  4 |
---------------+-------------+-----
Polearms       | 1 |  1.8
Dodging        | 3 |  3.5
Fighting       | 1 |  1.3
Spellcasting   | 3 |  3.0
Stealth        | |  2.9
Conjurations   | |  0.7
Air Magic      | |  2.7

Action                     |  1- 3 |  4- 6 || total
---------------------------+-------+-------++-------
  Melee: Dagger            |    42 |     6 ||    48
         Punch             |     1 |       ||     1
   Fire: Sling             |     3 |       ||     3
  Throw: Dart              |       |     1 ||     1
   Cast: Shock             |    75 |    33 ||   108
         Static Discharge  |     9 |     7 ||    16
         Swiftness         |       |     1 ||     1
    Use: Scroll            |     1 |     1 ||     2
         Potion            |     1 |       ||     1
   Stab: Sleeping          |       |     1 ||     1
 Armour: Robe              |    21 |     6 ||    27
  Dodge: Dodged            |    49 |    23 ||    72

Table legend: (Time is in decaauts)
 A = Elapsed time spent in this place.
 B = Non-inter-level travel time spent in this place.
 C = Inter-level travel time spent in this place.
 D = Time resting spent in this place.
 E = Time spent auto-exploring this place.
 F = Levels seen in this place.
 G = Mean time per level.
                   A        B        C        D        E       F      G
               +--------+--------+--------+--------+--------+-----+--------+
         Total |   4143 |   3653 |    490 |   1138 |   1656 |   4 | 1035.8 |
       Dungeon |   4143 |   3653 |    490 |   1138 |   1656 |   4 | 1035.8 |
               +--------+--------+--------+--------+--------+-----+--------+

Top non-repeatable levels by time:
     D:3: 1814 daAuts
     D:1: 1422 daAuts
     D:2: 874 daAuts
     D:4: 32 daAuts
